 Dungeon Crawl Stone Soup version 0.30-a0-1066-g63dfefce0d (webtiles) character file.

Game seed: 11027183604932534471

43 cforsyth the Caller (level 3, 0/21 HPs)
             Began as an Octopode Summoner on Apr 12, 2023.
             Succumbed to an adder's poison
             ... on level 2 of the Dungeon.
             The game lasted 00:01:36 (1079 turns).

cforsyth the Caller (Octopode Summoner)             Turns: 1079, Time: 00:01:36

Health: 0/21       AC:  1    Str:  7    XL:     3   Next: 58%
Magic:  4/7        EV: 13    Int: 19    God:
Gold:   35         SH:  0    Dex: 12    Spells: 4/7 levels left

rFire   . . .      SeeInvis .    (no weapon)
rCold   . . .      Faith    .    (no shield)
rNeg    . . .      Spirit   .    (helmet restricted)
rPois   .          Reflect  .    (no amulet)
rElec   .          Rampage  .    (no ring)
rCorr   .                        (no ring)
Will    .....                    (no ring)
Stlth   +++                      (no ring)
HPRegen 0.23/turn                (no ring)
MPRegen 0.10/turn                (no ring)
                                 (no ring)
                                 (no ring)

@: lethally poisoned (0 -> -1)
A: almost no armour, amphibious, 8 rings, camouflage 1, gelatinous body 1,
(nimble swimmer 1), tentacles
a: no special abilities


You were on level 2 of the Dungeon.
You visited 1 branch of the dungeon, and saw 2 of its levels.

You collected 35 gold pieces.

Inventory:

Scrolls
 b - a scroll of enchant armour {unknown}
 c - a scroll of enchant weapon {unknown}
 d - a scroll of teleportation {unknown}
Potions
 a - a potion of magic


   Skills:
 - Level 2.0 Dodging
 - Level 2.6 Stealth
 + Level 2.9 Spellcasting
 + Level 4.6 Summonings


You had 4 spell levels left.
You knew the following spells:

 Your Spells              Type           Power      Damage    Failure   Level
a - Summon Small Mammal   Summ           80%        N/A       2%          1
b - Call Imp              Summ           40%        N/A       3%          2

Your spell library contained the following spells:

 Spells                   Type           Power      Damage    Failure   Level
 Call Canine Familiar     Summ           20%        N/A       7%          3
 Summon Guardian Golem    Hex/Summ       11%        N/A       19%         3
 Ensorcelled Hibernation  Hex/Ice        4%         N/A       24%         2
 Spider Form              Tmut/Pois      2%         N/A       43%         3
 Summon Lightning Spire   Summ/Air       11%        N/A       52%         4
 Anguish                  Hex/Necr       1%         N/A       83%         4


Dungeon Overview and Level Annotations

Branches:
Dungeon (2/15)

Altars:


Innate Abilities, Weirdness & Mutations

You cannot wear most types of armour.
You are amphibious.
You can wear up to eight rings at the same time.
Your skin changes colour to match your surroundings (Stealth+).
Your rubbery body absorbs attacks. (AC +1, EV +1)
((You are camouflaged when in or above water. (Stealth+)))
You have tentacles for arms and can constrict up to eight enemies at once.


Message History

You constrict the adder, but do no damage.
You feel sick. The adder bites you.
You are lethally poisoned!
The adder poisons you!
You are too injured to fight recklessly!
You are too injured to fight recklessly!
You swap places.
You release your grip on the adder.
You feel sick.
Your quokka completely misses the adder.
The adder closely misses your quokka.
Your quokka bites the adder.
You swap places.
* * * LOW HITPOINT WARNING * * *
You feel sick. The adder misses your quokka. The adder bites your quokka.
Casting: Summon Small Mammal (safe; 2% risk of failure)
Confirm with . or Enter, or press ? or * to list all spells.
A tiny devil pulls itself out of the air.
* * * LOW HITPOINT WARNING * * *
You feel sick. The adder closely misses your quokka.
Your quokka misses the adder.
Your quokka barely misses the adder.
You swap places.
* * * LOW HITPOINT WARNING * * *
You feel sick. The adder closely misses your quokka.
Your quokka bites the adder.
Your quokka closely misses the adder.
Okay, then.
Unknown command.
* * * LOW HITPOINT WARNING * * *
You feel sick. The adder bites your quokka.
Your quokka dies!
Your quokka's corpse disappears in a puff of smoke!
Your quokka bites the adder.
The adder dies!
Unknown command.
* * * LOW HITPOINT WARNING * * *
You feel sick.
Press: ? - help, v - describe, . - travel, g - get item Item here: a manual of Polearms.
The floor.
Unknown command.
* * * LOW HITPOINT WARNING * * *
You feel sick.
You die...

.....!... ..##
........# #...
.......:# #..#
........# #..###
.......)# #..#<#
## #.# #..#.#
....###.###†.#.#
.......r5......#
........@......#
....###$.##..###
... #[.##.)# ).
........# .
.........#
............
.............
.......###...
##.. #...


You could see a friendly cerulean imp (summoned) and a friendly quokka
(summoned).

Vanquished Creatures
  2 dart slugs (D:1)
  A ball python (D:1)
  An endoplasm (D:1)
  2 giant cockroaches (D:1)
  4 goblins
  A hobgoblin (D:1)
  A jackal (D:1)
  3 quokkas (D:1)
  2 frilled lizards
  2 kobolds (D:1)
19 creatures vanquished.

Vanquished Creatures (collateral kills)
  An adder (D:2)
  A giant cockroach (D:1)
  A jackal (D:1)
  3 kobolds (D:1)
  A frilled lizard (D:1)
  A rat (D:1)
8 creatures vanquished.

Grand Total: 27 creatures vanquished

Notes
Turn   | Place    | Note
-------+----------+-------------------------------------------
     0 | D:1      | cforsyth the Octopode Summoner began the quest for the Orb.
     0 | D:1      | Reached XP level 1. HP: 11/11 MP: 3/3
   147 | D:1      | Reached XP level 2. HP: 17/17 MP: 1/5
   150 | D:1      | Learned a level 2 spell: Call Imp
   676 | D:1      | Reached XP level 3. HP: 21/21 MP: 7/7
  1078 | D:2      | HP: 1/21 [poisoned by an adder]
  1079 | D:2      | Succumbed to an adder's poison

Illustrated notes

Levels and vault maps discovered:
D:1:      doesnt_arrival_eight_statues, layout_basic, minivault_24,
          minmay_misc_feat_square
D:2:      minmay_angry_zag, layout_basic

Action                     || total
---------------------------++-------
  Melee: Unarmed           ||    49
         Tentacles         ||    18
         Constrict         ||    17
         Punch             ||     2
   Cast: Summon Small Mamm ||    26
         Call Imp          ||     4
   Stab: Sleeping          ||     6
 Armour: Skin              ||     1
  Dodge: Dodged            ||    36

Table legend: (Time is in decaauts)
 A = Elapsed time spent in this place.
 B = Non-inter-level travel time spent in this place.
 C = Inter-level travel time spent in this place.
 D = Time resting spent in this place.
 E = Time spent auto-exploring this place.
 F = Levels seen in this place.
 G = Mean time per level.
                   A        B        C        D        E       F      G
               +--------+--------+--------+--------+--------+-----+--------+
         Total |   1078 |   1048 |     30 |      0 |    848 |   2 |  539.0 |
       Dungeon |   1078 |   1048 |     30 |      0 |    848 |   2 |  539.0 |
               +--------+--------+--------+--------+--------+-----+--------+

Top non-repeatable levels by time:
     D:1: 1047 daAuts
     D:2: 31 daAuts
